 Dungeon Crawl Stone Soup version 0.30-a0-168-g0b976cbdc4 (webtiles) character file.

Game seed: 12672299691065605026

70 qw the Chopper (level 4, 0/28 HPs)
             Began as a Gargoyle Fighter on Sept 29, 2022.
             Slain by Natasha (7 damage)
             ... on level 2 of the Dungeon.
             The game lasted 00:00:18 (683 turns).

qw the Chopper (Gargoyle Fighter)                    Turns: 683, Time: 00:00:18

Health: 0/28       AC: 10    Str: 22    XL:     4   Next: 21%
Magic:  4/4        EV:  9    Int:  8    God:
Gold:   45         SH:  4    Dex:  9    Spells: 3/3 levels left

rFire   . . .      SeeInvis .    a - +0 war axe
rCold   . . .      Faith    .    c - +0 buckler
rNeg    + . .      Spirit   .    b - +0 scale mail
rPois   inf        Reflect  .    (no helmet)
rElec   +          Harm     .    (no cloak)
rCorr   .          Rampage  .    (no gloves)
Will    .....                    (no boots)
Stlth   ..........               (no amulet)
HPRegen 0.09/turn                (no ring)
MPRegen 0.09/turn                (no ring)

@: slowed, very slow
A: sickness immunity, AC +3, negative energy resistance 1, electricity
resistance, torment resistance 1, petrification resistance
a: no special abilities


You were on level 2 of the Dungeon.
You visited 1 branch of the dungeon, and saw 2 of its levels.

You collected 45 gold pieces.


Innate Abilities, Weirdness & Mutations

You are immune to sickness and miasma.
Your stone body is resilient. (AC +3)
You are immune to poison.
You resist negative energy. (rN+)
You are resistant to electric shocks. (rElec)
You are resistant to unholy torment.
You are immune to petrification.


   Skills:
 - Level 3.2 Fighting
 + Level 4.0 Axes
 - Level 3.2 Armour
 - Level 3.2 Shields


You had 3 spell levels left.
You didn't know any spells.
Your spell library was empty.

Inventory:

Hand Weapons
 a - a +0 war axe (weapon)
 j - a +0 club
Armour
 b - a +0 scale mail (worn)
 c - a +0 buckler (worn)
 l - an orb of mayhem
Jewellery
 h - a ring of flight
 k - a ring of fire
Scrolls
 e - a scroll of amnesia {unknown}
 f - a scroll of noise {unknown}
 g - a scroll of teleportation {unknown}
 i - 3 scrolls of enchant armour {unknown}
 m - 3 scrolls of immolation {unknown}
Potions
 d - a potion of might

Dungeon Overview and Level Annotations

Branches:
Dungeon (2/15)

Altars:

Annotations:
D:2 Natasha


Message History

Terence is lightly wounded.
You barely miss Natasha. You hit the bat. The bat hits you but does no damage.
Terence hits you with a +0 short sword. Natasha claws you.
Terence hits you with a +0 short sword. You block the bat's attack.
Natasha barely misses you.
You hit the bat.
You kill the bat!
You closely miss Natasha. You hit Terence.
Terence hits you with a +0 short sword. Natasha casts a spell at you.
You feel as though you will be slow longer.
You block Terence's attack. Natasha claws you. You block Terence's attack.
The endoplasm barely misses you.
You barely miss Terence.
Terence is moderately wounded.
You closely miss Natasha. You slash the endoplasm!
You kill the endoplasm!
You block Natasha's attack. Terence hits you with a +0 short sword.
Natasha claws you but does no damage. Terence hits you with a +0 short sword.
You slash Terence!
Terence is severely wounded.
You barely miss Natasha. Natasha barely misses you.
Terence hits you but does no damage. Natasha claws you but does no damage.
Terence hits you but does no damage.
You slash Terence!
You kill Terence!
You barely miss Natasha. You block Natasha's attack.
Natasha claws you but does no damage.
Your Axes skill increases to level 4!
You have reached level 4!
You feel stronger.
You barely miss Natasha. Natasha closely misses you. Natasha barely misses you.
You barely miss Natasha. Natasha barely misses you.
Natasha claws you but does no damage.
You barely miss Natasha.
Natasha mumbles some strange words.
Natasha claws you.
You miss the crimson imp. You barely miss Natasha. Natasha claws you!
You die...

##############
.............##
.......>......#
.#............#
..............#
.###..........#
##..5......#
##.@%.......
#..h).......
#...........
#...........
#..........
#..........
##.........
##........


You could see Natasha and a crimson imp (summoned).

Vanquished Creatures
  Terence (D:2)
  2 gnolls (D:1)
  2 dart slugs (D:1)
  2 endoplasms
  A giant cockroach (D:1)
  2 goblins (D:1)
  3 hobgoblins (D:1)
  4 jackals (D:1)
  4 bats
  A frilled lizard (D:1)
  2 kobolds (D:1)
  2 rats (D:1)
26 creatures vanquished.

Vanquished Creatures (others)
  4 toadstools (D:1)
4 creatures vanquished.

Grand Total: 30 creatures vanquished

Notes
Turn   | Place    | Note
-------+----------+-------------------------------------------
     0 | D:1      | qw the Gargoyle Fighter began the quest for the Orb.
     0 | D:1      | Reached XP level 1. HP: 14/14 MP: 1/1
     0 | D:1      | 0 ||| qw: Version: 0.2-a-12-gaebbb33
     0 | D:1      | 0 ||| qw: Game counter: 1108
     0 | D:1      | 0 ||| qw: Always use a shield: true
     0 | D:1      | 0 ||| qw: God list: Okawaru
     0 | D:1      | 0 ||| qw: Allow faded altars: false
     0 | D:1      | 0 ||| qw: Do Orc after D:15 true
     0 | D:1      | 0 ||| qw: Do second Lair branch before Depths: true
     0 | D:1      | 0 ||| qw: Lair rune preference: random
     0 | D:1      | 0 ||| qw: Plans: Normal, Zot:1-4, God:TSO, Crypt, Tomb,
                  | Pan, Slime:5, Hells, Abyss, Orb
     0 | D:1      | 0 ||| PLANNING D:1-11
    88 | D:1      | Reached skill level 2 in Axes
    92 | D:1      | 92 ||| Stepping ~*~*~tactically~*~*~ (stealth).
    95 | D:1      | 95 ||| Stepping ~*~*~tactically~*~*~ (stealth).
    99 | D:1      | 99 ||| Stepping ~*~*~tactically~*~*~ (hiding).
   122 | D:1      | 122 ||| Stepping ~*~*~tactically~*~*~ (stealth).
   123 | D:1      | 123 ||| Stepping ~*~*~tactically~*~*~ (stealth).
   127 | D:1      | Reached XP level 2. HP: 19/19 MP: 2/2
   145 | D:1      | 145 ||| Stepping ~*~*~tactically~*~*~ (stealth).
   152 | D:1      | 152 ||| Stepping ~*~*~tactically~*~*~ (stealth).
   153 | D:1      | 153 ||| Stepping ~*~*~tactically~*~*~ (stealth).
   190 | D:1      | 190 ||| Stepping ~*~*~tactically~*~*~ (stealth).
   213 | D:1      | 213 ||| Stepping ~*~*~tactically~*~*~ (stealth).
   342 | D:1      | Reached skill level 3 in Axes
   418 | D:1      | Reached XP level 3. HP: 19/23 MP: 3/3
   669 | D:1      | You fall into a shaft and drop 1 floor!
   670 | D:2      | Noticed Natasha
   670 | D:2      | Noticed Terence
   679 | D:2      | Killed Terence
   680 | D:2      | Reached skill level 4 in Axes
   680 | D:2      | Reached XP level 4. HP: 12/28 MP: 4/4
   682 | D:2      | HP: 7/28 [Natasha (5)]
   683 | D:2      | Slain by Natasha

Levels and vault maps discovered:
D:1:      ldierk_walled_garden_2, layout_basic, serial_forest,
          infiniplex_forest_lined_2, infiniplex_forest_lined_2,
          infiniplex_forest_straight_4, infiniplex_forest_corner_2,
          infiniplex_forest_end_1, infiniplex_forest_clump_long,
          infiniplex_forest_corner_1, minmay_tromino_v4_a
D:2:      minmay_door_path, layout_rooms,
          shapermc_ecumenical_altar_mp_urbaneastern, uniq_terence, uniq_natasha,
          uniq_robin

Skill      XL: |  1  2  3 |
---------------+----------+-----
Axes           | 2 3 4 |  4.0
Fighting       | |  3.2
Armour         | |  3.2
Shields        | |  3.2

Action                   |  1- 3 |  4- 6 || total
-------------------------+-------+-------++-------
Melee: War axe           |    51 |     4 ||    55
Armor: Scale mail        |    31 |     1 ||    32
Dodge: Dodged            |    20 |     3 ||    23
Block: Buckler           |    17 |       ||    17

Table legend:
 A = Non-vault XP
 B = Vault XP
 C = Vault XP percentage of total XP
 D = Non-vault monster count
 E = Vault monster count
 F = Vault count percentage of total count
                 A         B        C        D         E       F
            +---------+---------+-------+---------+---------+-------
      Total |      65 |      35 |  35.0 |      22 |       4 |  15.4
            +---------+---------+-------+---------+---------+-------
        D:1 |      62 |       5 |   7.5 |      20 |       3 |  13.0
        D:2 |       3 |      30 |  90.9 |       2 |       1 |  33.3
            +---------+---------+-------+---------+---------+-------
